 Dungeon Crawl Stone Soup version 0.31.0-9-g3a7656b989 (webtiles) character file.

Game seed: 11046117537079590474

9 Destapler the Ruffian (level 2, 21/21 HPs)
             Began as a Demonspawn Shapeshifter on Jan 24, 2024.
             Got out of the dungeon alive.
             The game lasted 00:01:05 (661 turns).

Destapler the Ruffian (Demonspawn Shapeshifter)      Turns: 661, Time: 00:01:06

Health: 21/21      AC: 14    Str: 14    XL:     2   Next: 6%
Magic:  2/2        EV:  0    Int: 10    God:
Gold:   9          SH:  0    Dex: 12    Spells: 1/1 levels left

rFire   . .          .
                       - Unarmed
rCold   . . .        (no shield)
rNeg    . . .        e - +0 crystal plate armour
rPois   .            (helmet currently unavailable)
rElec   .            (cloak currently unavailable)
rCorr   .            (gloves currently unavailable)
SInv    .            (boots currently unavailable)
Will    .....        (no amulet) Stlth
                     (no ring)
HPRegen 0.23/turn    (no ring)
MPRegen 0.08/turn

%: no passive effects
@: beast-form
A: beast (slay +1), antennae 1
a: Begin Untransformation


You escaped.
You were a hulking beast.
You visited 1 branch of the dungeon, and saw 1 of its levels.

You collected 9 gold pieces.

Inventory:

Armour
 a - a +0 animal skin
 e - a +0 crystal plate armour (worn)
Talismans
 c - a beast talisman
 d - a flux talisman
Scrolls
 g - a scroll of blinking {unknown}
Potions
 b - a potion of lignification
 f - a potion of heal wounds {unknown}
 h - a potion of berserk rage {unknown}


   Skills:
 + Level 1.3 Fighting
 + Level 2.0 Dodging
 + Level 2.8 Unarmed Combat
 + Level 2.8 Shapeshifting


You had one spell level left.
You didn't know any spells.
Your spell library was empty.

Dungeon Overview and Level Annotations

Branches:
Dungeon (1/15)

Altars:


Innate Abilities, Weirdness & Mutations

You are a hulking beast.
Your limbs bulge with bestial killing power. (Slay +1)
You have a pair of small antennae on your head.


Message History

A frilled lizard comes into view.
The frilled lizard hisses angrily.
The frilled lizard bites you but does no damage.
You hit the frilled lizard.
You kill the frilled lizard!
Your Dodging skill increases to level 2!
No target in view!
You open the door.
There is an open door here.
A bat comes into view.
A bat is nearby!
The bat hits you but does no damage.
No reachable target in view!
No reachable target in view!
No reachable target in view!
A bat is nearby!
A bat is nearby!
No reachable target in view!
No reachable target in view!
No reachable target in view!
The bat hits you but does no damage. x2
You hit the bat.
You kill the bat!
You have reached level 2!
Your demonic ancestry asserts itself...
A pair of antennae grows on your head!
You open the door.
There is an open door here.
A rat comes into view.
A rat is nearby!
The rat bites you but does no damage.
You hit the rat.
You kill the rat!
No target in view!
Okay, then.
What level of the Dungeon? (default 1, ? - help)
You enter the shallow water.
Moving in this stuff is going to be slow.
There is a staircase leading out of the dungeon here.
You have escaped!

.........#.#.........# #..#.#.#..
..########.#.........###.........
...........#................##.##
..#######################........
..##### ≈≈≈≈≈≈≈≈≈≈≈≈≈≈≈#.####.##
......# ≈≈≈≈≈.....≈≈≈≈≈#.#....##
......# ≈≈....~~~....≈≈#...#..>.
......# ≈...~~~.~~~...≈#.#......
......# ≈[.~~..h.~~~.....#.#.#.#
......# ≈...~~~.~~~...≈#.#......
###.### ≈≈....~~~....≈≈#.#.#.#.#
....# ≈≈≈≈≈.....≈≈≈≈≈#.#......
....### ≈≈≈≈≈≈≈.≈≈≈≈≈≈≈#.####..#
......##########.########........
........# ###).............#..#
........# #...........####.#..#
........# #...........+.......#


There were no monsters in sight!

Vanquished Creatures
  A ball python (D:1)
  A bat (D:1)
  2 giant cockroaches (D:1)
  A goblin (D:1)
  A kobold (D:1)
  A frilled lizard (D:1)
  A rat (D:1)
8 creatures vanquished.

Notes
Turn   | Place    | Note
-------+----------+-------------------------------------------
     0 | D:1      | Destapler the Demonspawn Shapeshifter began the quest for
                  | the Orb.
     0 | D:1      | Reached XP level 1. HP: 15/15 MP: 1/1
   523 | D:1      | Gained mutation: You have a pair of small antennae on your
                  | head. [demonic ancestry]
   523 | D:1      | Reached XP level 2. HP: 21/21 MP: 2/2
   661 | D:$      | Got out of the dungeon alive.

Illustrated notes

Levels and vault maps discovered:
D:1:      dpeg_arrival_shrine, layout_basic, dreamdust_princess_bridge

Skill      XL: |  1 |
---------------+----+-----
Dodging        | 2 |  2.0
Fighting       | |  1.3
Unarmed Combat | |  2.8
Shapeshifting  | |  2.8

Action                     || total
---------------------------++-------
  Melee: Unarmed           ||    24
 Armour: Crystal plate arm ||    22
         Animal skin       ||     3
  Dodge: Dodged            ||     1
